[Event "Titled Tuesday Blitz February 22 Early 2022"]
[White "Zierk, Steven"]
[Black "Slugin, Sergey"]
[WhiteFideId "2034255"]
[BlackFideId "4122569"]
[WhiteElo "2494"]
[BlackElo "2358"]
[Result "1-0"]
[Round "01"]
[TimeControl "180+1"]
[Date "2022.02.22"]
[WhiteClock "0:00:18"]
[BlackClock "0:00:01"]

1. b3 e5 2. Bb2 Nc6 3. c4 Nf6 4. e3 Be7 5. a3 d5 6. cxd5 Nxd5 7. Nf3 f6 8. d3 O-O 9. Nbd2 Be6 10. Qc2 a5 11. Be2 Qe8 12. O-O Qg6 13. Kh1 Qh6 14. d4 g5 15. dxe5 g4 16. Nd4 Nxd4 17. Bxd4 g3 18. fxg3 fxe5 19. Bc5 Rxf1+ 20. Nxf1 Bxc5 21. Qxc5 Rf8 22. Bc4 c6 23. e4 Nc7 24. Ne3 Bxc4 25. Qxc4+ Kh8 26. Nf5 Qd2 27. Qc5 Re8 28. Nd6 Re7 29. Rf1 Kg8 30. Nf5 Re8 31. Qb6 Ne6 32. Qxb7 Qd3 33. Kg1 Qxe4 34. Qd7 Ng7 35. Qxg7# 1-0


[Site "https://www.chess.com"]

[Event "Titled Tuesday Blitz February 22 Early 2022"]
[White "volunteers1998"]
[Black "Taboas Rodriguez, Daniel"]
[BlackFideId "2208466"]
[WhiteElo "2246"]
[BlackElo "2429"]
[Result "1-0"]
[Round "01"]
[TimeControl "180+1"]
[Date "2022.02.22"]
[WhiteClock "0:00:43"]
[BlackClock "0:01:05"]

1. e4 e6 2. Nf3 d5 3. Nc3 Nf6 4. e5 Ne4 5. Ne2 Nc6 6. d3 Nc5 7. d4 Ne4 8. c3 Be7 9. Ng3 f5 10. exf6 Nxf6 11. Bd3 O-O 12. O-O Bd7 13. Re1 Bd6 14. Ne5 Be8 15. Bg5 h6 16. Bxf6 Qxf6 17. Qe2 Bxe5 18. dxe5 Qg5 19. Bc2 Kh8 20. Qd3 g6 21. Re2 Nxe5 22. Qd4 c5 23. Qxe5+ Qxe5 24. Rxe5 Bf7 25. Rae1 Kg7 26. Nf1 b5 27. a4 Rab8 28. axb5 Rxb5 29. b3 Rfb8 30. Ra1 a5 31. Nd2 Ra8 32. Nf3 Kf6 33. Re2 g5 34. Ne5 Be8 35. Rae1 Rb6 36. h3 Raa6 37. g3 Rd6 38. f4 Rab6 39. fxg5+ hxg5 40. Ng4+ Kg7 41. Re5 1-0


[Site "https://www.chess.com"]

[Event "Titled Tuesday Blitz February 22 Early 2022"]
[White "Aldokhin, Ivan"]
[Black "Lauridsen, Jesper Morch"]
[WhiteFideId "24115720"]
[BlackFideId "1401890"]
[WhiteElo "2231"]
[BlackElo "2280"]
[Result "1-0"]
[Round "02"]
[TimeControl "180+1"]
[Date "2022.02.22"]
[WhiteClock "0:01:29"]
[BlackClock "0:00:01"]

1. e4 e5 2. Nf3 Nc6 3. Bb5 Nf6 4. O-O Nxe4 5. Re1 Nd6 6. Bxc6 dxc6 7. Nxe5 Be7 8. b3 O-O 9. Bb2 Bf6 10. Nc3 Nf5 11. Ne4 Bxe5 12. Bxe5 Re8 13. Bc3 Be6 14. Qf3 Kh8 15. Qf4 Qh4 16. Qxh4 Nxh4 17. Nc5 b6 18. Nxe6 Rxe6 19. Rxe6 fxe6 20. Re1 Re8 21. Re4 Nf5 22. f4 Kg8 23. Kf2 Kf7 24. g4 Nd6 25. Re5 g6 26. h4 Nb7 27. h5 Rd8 28. hxg6+ hxg6 29. Re1 Nc5 30. Kf3 Nd7 31. Rh1 Nf6 32. Rh6 Nd5 33. Be5 Rg8 34. Rh7+ Ke8 35. c4 Nb4 36. Rxc7 Nd3 37. Bf6 Nb4 38. Rxa7 b5 39. Re7+ Kf8 40. g5 1-0


[Site "https://www.chess.com"]

[Event "Titled Tuesday Blitz February 22 Early 2022"]
[White "Arabidze, Meri"]
[Black "Quirke, Jeffrey"]
[WhiteFideId "13604040"]
[BlackFideId "2013029"]
[WhiteElo "2329"]
[BlackElo "2208"]
[Result "1/2-1/2"]
[Round "02"]
[TimeControl "180+1"]
[Date "2022.02.22"]
[WhiteClock "0:00:18"]
[BlackClock "0:00:08"]

1. d4 Nf6 2. c4 e6 3. g3 d5 4. Bg2 Bb4+ 5. Bd2 a5 6. Nf3 O-O 7. O-O dxc4 8. Qc2 Bxd2 9. Nbxd2 b5 10. a4 c6 11. b3 cxb3 12. Nxb3 b4 13. Ne5 Nd5 14. Nc5 f6 15. Ned3 Qe7 16. Rfd1 Nd7 17. Rd2 Nxc5 18. Nxc5 Bd7 19. e4 Nc3 20. Qb3 Kh8 21. Qc2 e5 22. Nxd7 Qxd7 23. dxe5 Qe6 24. exf6 Qxf6 25. Re1 Qe5 26. f4 Qc5+ 27. Kh1 Rab8 28. Qb3 Rfd8 29. Rxd8+ Rxd8 30. e5 Qf2 31. Rf1 Qe2 32. Qf7 h6 33. e6 Rd1 34. Qf8+ Kh7 35. Qf5+ Kh8 36. Kg1 Qe3+ 37. Kh1 Qe2 38. Qf8+ Kh7 39. Qf5+ Kh8 1/2-1/2


[Site "https://www.chess.com"]

[Event "Titled Tuesday Blitz February 22 Early 2022"]
[White "Araujo, Everson De Moura"]
[Black "Shtyka, Sergey"]
[WhiteFideId "22737197"]
[BlackFideId "4138465"]
[WhiteElo "1861"]
[BlackElo "2014"]
[Result "0-1"]
[Round "02"]
[TimeControl "180+1"]
[Date "2022.02.22"]
[WhiteClock "0:02:18"]
[BlackClock "0:01:48"]

1. Nf3 c5 2. b3 Nf6 3. Bb2 g6 4. e3 Bg7 5. Be2 O-O 6. O-O d5 7. d4 b6 8. Nbd2 Ba6 9. c4 Nbd7 10. cxd5 Bxe2 11. Qxe2 Nxd5 12. Rfd1 cxd4 13. Bxd4 Nc3 14. Bxc3 Bxc3 15. Rac1 Bb2 16. Rc2 Bg7 17. Nc4 Qe8 18. b4 Rc8 19. Rcd2 Nf6 20. a3 Qb5 21. Nce5 Qxe2 22. Rxe2 Ne4 23. Rd7 Bxe5 0-1


[Site "https://www.chess.com"]

[Event "Titled Tuesday Blitz February 22 Early 2022"]
[White "Baches Garcia, Guillermo"]
[Black "Mohammadian, Mohammad"]
[WhiteFideId "2209764"]
[BlackFideId "12566055"]
[WhiteElo "2400"]
[BlackElo "1543"]
[Result "1-0"]
[Round "02"]
[TimeControl "180+1"]
[Date "2022.02.22"]
[WhiteClock "0:01:31"]
[BlackClock "0:00:48"]

1. e4 e5 2. Nf3 Nc6 3. Nc3 Nf6 4. d4 exd4 5. Nxd4 Nxd4 6. Qxd4 d6 7. Bg5 Be7 8. O-O-O Be6 9. f4 O-O 10. f5 Bc8 11. h4 h6 12. Bd2 b6 13. Be2 Bb7 14. g4 c5 15. Qe3 Qc7 16. g5 hxg5 17. hxg5 Nh7 18. Rxh7 Kxh7 19. Rh1+ Kg8 20. Qh3 Bxg5 21. Qh8# 1-0


[Site "https://www.chess.com"]

[Event "Titled Tuesday Blitz February 22 Early 2022"]
[White "Baker, Chris W"]
[Black "Korkmaz, Necmettin"]
[WhiteFideId "401676"]
[BlackFideId "6303285"]
[WhiteElo "2204"]
[BlackElo "2094"]
[Result "0-1"]
[Round "02"]
[TimeControl "180+1"]
[Date "2022.02.22"]
[WhiteClock "0:01:41"]
[BlackClock "0:01:54"]

1. c4 e5 2. Nc3 Nc6 3. g3 f5 4. Bg2 Nf6 5. d3 Bc5 6. Bg5 Bxf2+ 7. Kf1 Bc5 8. Nf3 O-O 9. Nd5 Be7 10. Nxe7+ Qxe7 11. Qd2 e4 12. Nh4 d6 13. d4 Qf7 14. Rc1 h6 15. Bxf6 Qxf6 16. d5 Ne5 0-1


[Site "https://www.chess.com"]

[Event "Titled Tuesday Blitz February 22 Early 2022"]
[White "Barp, Alberto"]
[Black "Ponkratov, Pavel"]
[WhiteFideId "872555"]
[BlackFideId "4157800"]
[WhiteElo "2229"]
[BlackElo "2487"]
[Result "0-1"]
[Round "02"]
[TimeControl "180+1"]
[Date "2022.02.22"]
[WhiteClock "0:00:04"]
[BlackClock "0:00:44"]

1. d4 Nf6 2. c4 e6 3. Nf3 d5 4. g3 c6 5. Bg2 Nbd7 6. Qc2 a5 7. O-O Be7 8. Rd1 O-O 9. Nbd2 a4 10. e4 Qa5 11. e5 Ne8 12. Nf1 dxc4 13. Qxc4 c5 14. Bd2 Qa6 15. Ne3 Nc7 16. Qxa6 Rxa6 17. dxc5 Nxc5 18. Bb4 b6 19. Nd4 Re8 20. Bc6 Rd8 21. Nc4 Nd5 22. Bxd5 Rxd5 23. Nc6 Bf8 24. Rxd5 exd5 25. Nd6 Bh3 26. Rd1 Ra8 27. Nd4 h5 28. N4b5 f6 29. Bxc5 bxc5 30. exf6 d4 31. f7+ Kh7 32. f3 Rb8 33. Rc1 Be6 34. Rxc5 Bxf7 35. Rc7 Bxa2 36. Nf5 Rxb5 37. Nxd4 Rxb2 0-1


[Site "https://www.chess.com"]

[Event "Titled Tuesday Blitz February 22 Early 2022"]
[White "Barrientos, Sergio E"]
[Black "Deac, Bogdan-Daniel"]
[WhiteFideId "4401824"]
[BlackFideId "1226380"]
[WhiteElo "2441"]
[BlackElo "2646"]
[Result "0-1"]
[Round "02"]
[TimeControl "180+1"]
[Date "2022.02.22"]
[WhiteClock "0:00:08"]
[BlackClock "0:00:03"]

1. d4 Nf6 2. Nf3 d5 3. c4 e6 4. g3 Be7 5. Bg2 O-O 6. O-O dxc4 7. Qc2 a6 8. a4 c5 9. dxc5 Bxc5 10. Qxc4 b6 11. b4 Be7 12. Bb2 Bb7 13. Nbd2 Nbd7 14. Rfd1 Rc8 15. Qf4 Nd5 16. Qg4 N7f6 17. Qh4 Bxb4 18. Nc4 Qe7 19. Rac1 b5 20. axb5 axb5 21. Nce5 Rxc1 22. Rxc1 Rc8 23. Rxc8+ Bxc8 24. Ng5 Bc3 25. Bxc3 Nxc3 26. Ngxf7 Nxe2+ 27. Kf1 Nc3 28. Qd4 Ncd5 29. h3 b4 30. Qc4 Bb7 31. Kg1 h6 32. Qb5 Qc7 33. Kh2 Bc8 34. Qa4 Bd7 35. Qa8+ Be8 36. Qa6 Bxf7 37. Qa8+ Be8 38. Qa6 Qe7 39. Qc8 b3 40. Qb8 Qc7 41. Bxd5 Qxb8 0-1


[Site "https://www.chess.com"]

[Event "Titled Tuesday Blitz February 22 Early 2022"]
[White "Baskin, Robert"]
[Black "Warchol, Kamil"]
[WhiteFideId "24662402"]
[BlackFideId "21858241"]
[WhiteElo "2488"]
[BlackElo "1905"]
[Result "1/2-1/2"]
[Round "02"]
[TimeControl "180+1"]
[Date "2022.02.22"]
[WhiteClock "0:00:34"]
[BlackClock "0:01:23"]

1. d4 d6 2. e4 Nf6 3. Nc3 e5 4. Nf3 Nbd7 5. Bc4 Be7 6. a4 O-O 7. O-O c6 8. h3 Qc7 9. Qe2 a5 10. Rd1 h6 11. Ba2 Rd8 12. Nh4 Nf8 13. Nf5 Bxf5 14. exf5 exd4 15. Rxd4 d5 16. Bf4 Bd6 17. Qf3 Bxf4 18. Rxf4 Re8 19. Rd1 Rad8 20. g4 N8d7 21. Qg3 Ne5 22. h4 Qb6 23. Bb3 Re7 24. Qh3 Nh7 25. Qg3 Nf6 26. Qh3 Nh7 27. Qg3 Nf6 1/2-1/2


[Site "https://www.chess.com"]

[Event "Titled Tuesday Blitz February 22 Early 2022"]
[White "Bazarov, Konstantin"]
[Black "Yilmaz, Mustafa"]
[WhiteFideId "4137000"]
[BlackFideId "6302718"]
[WhiteElo "2079"]
[BlackElo "2568"]
[Result "0-1"]
[Round "02"]
[TimeControl "180+1"]
[Date "2022.02.22"]
[WhiteClock "0:00:32"]
[BlackClock "0:00:09"]

1. d4 Nf6 2. c4 e6 3. Nf3 d5 4. Nc3 a6 5. cxd5 exd5 6. Bg5 Be6 7. Bxf6 Qxf6 8. Qb3 Ra7 9. a4 Qd8 10. e3 Nc6 11. Be2 Be7 12. O-O O-O 13. Rac1 Nb4 14. Qd1 c6 15. Qd2 Ra8 16. Ne5 a5 17. f4 f6 18. Nd3 Bf5 19. g4 Nxd3 20. Bxd3 Bxg4 21. f5 Bd6 22. Qg2 Bh5 23. Kh1 Qe7 24. Rce1 Kh8 25. Rg1 Rg8 26. Qh3 Bf7 27. Rg4 h6 28. Rh4 Qf8 29. Rg1 Re8 30. Kg2 Re7 31. Kf2 Be8 32. e4 dxe4 33. Nxe4 Bc7 34. Bc4 Bf7 35. Bxf7 Rxf7 36. Kg2 Qd8 37. Rd1 Qd5 38. Kf1 Re8 39. Nf2 Qc4+ 40. Kg1 Qe2 41. Rd3 Qe1+ 42. Kg2 Kg8 43. Qg3 Bxg3 44. Rxg3 Re2 45. Rf3 Rfe7 46. Rg4 Rxf2+ 47. Rxf2 Re2 48. Rf4 Rxf2+ 49. Rxf2 Qe4+ 50. Kg3 Qxd4 51. Rf4 Qxb2 52. Re4 Qb3+ 0-1


[Site "https://www.chess.com"]

[Event "Titled Tuesday Blitz February 22 Early 2022"]
[White "Begunov, Konstantin"]
[Black "Pultinevicius, Paulius"]
[WhiteFideId "4118510"]
[BlackFideId "12809390"]
[WhiteElo "2262"]
[BlackElo "2413"]
[Result "0-1"]
[Round "02"]
[TimeControl "180+1"]
[Date "2022.02.22"]
[WhiteClock "0:00:41"]
[BlackClock "0:00:07"]

1. d4 Nf6 2. c4 g6 3. f3 e6 4. e4 d5 5. cxd5 exd5 6. e5 Nh5 7. g3 c5 8. Ne2 Nc6 9. Nbc3 Bg7 10. f4 Bg4 11. dxc5 d4 12. Ne4 O-O 13. Nd6 Bf3 14. Rg1 Qa5+ 15. Bd2 Qxc5 16. Rc1 Nxe5 17. fxe5 Qxe5 18. Nc4 Qe4 19. Kf2 Nf6 20. h3 d3 21. Nc3 Bxd1 22. Nxe4 Nxe4+ 23. Ke3 Nxd2 24. Kxd2 Bc2 25. Bxd3 Bxd3 26. Kxd3 Rad8+ 27. Kc2 Rfe8 28. Rge1 h5 29. b3 Rxe1 30. Rxe1 b5 31. Na5 Rc8+ 32. Kb1 Rc7 33. Re8+ Kh7 34. b4 Rc3 35. Rb8 Rxg3 36. Rxb5 Rxh3 37. Nc6 Rh1+ 38. Kc2 Bh6 39. Nxa7 Rc1+ 40. Kb2 Rc7 41. Ra5 h4 42. b5 Bg7+ 43. Kb3 h3 44. b6 Rb7 45. Nb5 Rxb6 46. Kc4 h2 47. Ra3 h1=Q 0-1


[Site "https://www.chess.com"]

[Event "Titled Tuesday Blitz February 22 Early 2022"]
[White "Bernadskiy, Vitaliy"]
[Black "Vifleemskaia, Svetlana"]
[WhiteFideId "14100371"]
[BlackFideId "4129490"]
[WhiteElo "2473"]
[BlackElo "1901"]
[Result "1-0"]
[Round "02"]
[TimeControl "180+1"]
[Date "2022.02.22"]
[WhiteClock "0:01:15"]
[BlackClock "0:00:04"]

1. e4 e5 2. c4 Nf6 3. Nc3 Bc5 4. g3 d6 5. Bg2 a5 6. Nge2 Nc6 7. O-O O-O 8. d3 Nd4 9. Nxd4 Bxd4 10. Ne2 Bc5 11. h3 h6 12. Kh1 c6 13. f4 Nh5 14. f5 Nf6 15. Nc3 Rb8 16. a4 Bd4 17. g4 Nh7 18. Qe1 Bxc3 19. bxc3 b5 20. cxb5 cxb5 21. axb5 Rxb5 22. Bd2 Ba6 23. c4 Rb3 24. Rxa5 Qb6 25. Be3 Qb7 26. Rd5 Qc6 27. Qh4 Bxc4 28. f6 Bxd5 29. fxg7 Rfb8 30. exd5 Qc2 31. Be4 f5 32. Bxf5 1-0


[Site "https://www.chess.com"]

[Event "Titled Tuesday Blitz February 22 Early 2022"]
[White "Blohberger, Felix"]
[Black "Krylov, Ivan"]
[WhiteFideId "1632051"]
[BlackFideId "24128066"]
[WhiteElo "2474"]
[BlackElo "2258"]
[Result "1-0"]
[Round "02"]
[TimeControl "180+1"]
[Date "2022.02.22"]
[WhiteClock "0:02:09"]
[BlackClock "0:00:40"]

1. d4 d5 2. Nf3 Nf6 3. c4 e6 4. g3 Be7 5. Bg2 O-O 6. O-O b6 7. cxd5 exd5 8. Nc3 Bb7 9. Bf4 c6 10. Ne5 Nbd7 11. Rc1 Rc8 12. e4 dxe4 13. Nxe4 Nxe5 14. Nxf6+ Bxf6 15. dxe5 Qxd1 16. Rfxd1 Bd8 17. Rd7 Ba8 18. Rxa7 b5 19. Be3 Re8 20. Rxa8 Rxa8 21. Bxc6 Be7 22. Bxe8 Rxe8 23. Rc7 Bf8 24. f4 Rd8 25. Kf2 Rd1 26. Rc8 h6 27. Bc5 Rd2+ 28. Kf3 Rxb2 29. Rxf8+ Kh7 30. Rxf7 Rxa2 31. e6 Rc2 32. e7 Rxc5 33. e8=Q Rc3+ 34. Kg4 b4 35. Qe5 h5+ 36. Kh4 Rc1 37. Qxg7# 1-0


[Site "https://www.chess.com"]

[Event "Titled Tuesday Blitz February 22 Early 2022"]
[White "Bluebaum, Matthias"]
[Black "Budrewicz, Krzysztof"]
[WhiteFideId "24651516"]
[BlackFideId "1127950"]
[WhiteElo "2550"]
[BlackElo "2248"]
[Result "1-0"]
[Round "02"]
[TimeControl "180+1"]
[Date "2022.02.22"]
[WhiteClock "0:00:11"]
[BlackClock "0:00:17"]

1. b3 e5 2. Bb2 Nc6 3. e3 Nf6 4. Nf3 Bd6 5. d4 Qe7 6. Nc3 a6 7. dxe5 Nxe5 8. Nd5 Nxd5 9. Qxd5 c6 10. Qd4 Nxf3+ 11. gxf3 f6 12. f4 Bc5 13. Qd2 d5 14. O-O-O Bf5 15. Rg1 O-O-O 16. Bd3 Be4 17. Kb1 Rhe8 18. Qe2 Rd7 19. h4 Bxd3 20. Qxd3 Qe4 21. Qxe4 Rxe4 22. h5 h6 23. Rg6 d4 24. Bc1 Ree7 25. Re1 Kd8 26. e4 Ke8 27. f3 Kf8 28. Rd1 Kf7 29. f5 b5 30. Rd2 Bb6 31. Rdg2 Ke8 32. Bxh6 d3 33. cxd3 Rxd3 34. Rxg7 Rxf3 35. Rxe7+ Kxe7 36. Rh2 Bd4 37. Bg7 Kf7 38. h6 Rf1+ 39. Kc2 Rf2+ 40. Rxf2 Bxf2 41. Kd3 Bg3 42. Kd4 Bf2+ 43. Kc3 c5 44. Kd3 Bg3 45. Bh8 Be5 46. h7 Bd4 47. b4 Bf2 48. bxc5 Bxc5 49. e5 Bf8 50. Bxf6 1-0


[Site "https://www.chess.com"]

[Event "Titled Tuesday Blitz February 22 Early 2022"]
[White "Bodnar, Nikolay"]
[Black "Kobalia, Mikhail"]
[WhiteFideId "14106469"]
[BlackFideId "4119150"]
[WhiteElo "2296"]
[BlackElo "2667"]
[Result "0-1"]
[Round "02"]
[TimeControl "180+1"]
[Date "2022.02.22"]
[WhiteClock "0:00:10"]
[BlackClock "0:00:50"]

1. e4 c5 2. Nf3 e6 3. d4 cxd4 4. Nxd4 Nc6 5. Nc3 a6 6. Qd3 Nf6 7. Nxc6 bxc6 8. e5 Nd5 9. Ne4 Qc7 10. f4 c5 11. a3 Bb7 12. c4 Nb6 13. Be2 Be7 14. Bf3 O-O 15. O-O Rad8 16. Rd1 Bxe4 17. Bxe4 g6 18. Qe2 d6 19. exd6 Bxd6 20. g3 Be7 21. Be3 Bf6 22. Rac1 Na4 23. Rxd8 Rxd8 24. Rc2 Qb8 25. Bc6 Nxb2 26. Bxc5 Rc8 27. Qe4 Qc7 28. Rd2 Qxc6 0-1


[Site "https://www.chess.com"]

[Event "Titled Tuesday Blitz February 22 Early 2022"]
[White "Boros, Denes"]
[Black "Gracia Alvarez, Gerardo Antonio"]
[WhiteFideId "722340"]
[BlackFideId "5109124"]
[WhiteElo "2464"]
[BlackElo "2139"]
[Result "1-0"]
[Round "02"]
[TimeControl "180+1"]
[Date "2022.02.22"]
[WhiteClock "0:00:41"]
[BlackClock "0:00:03"]

1. e4 c5 2. Nc3 Nc6 3. Nf3 Nf6 4. Bb5 Qc7 5. h3 a6 6. Bxc6 Qxc6 7. Qe2 d6 8. d4 cxd4 9. Nxd4 Qc7 10. Bg5 e6 11. O-O-O Be7 12. f4 Bd7 13. Kb1 h6 14. Bh4 g5 15. fxg5 Nh7 16. Nf5 hxg5 17. Bg3 exf5 18. Nd5 Qd8 19. exf5 Bxf5 20. Qf3 Be6 21. Nxe7 Qxe7 22. Bxd6 Qf6 23. Qxb7 Rc8 24. Rhf1 Qd8 25. Be5 Qa5 26. Bxh8 Qxa2+ 27. Kc1 f6 28. Qxh7 Qa1+ 29. Kd2 Qa5+ 30. c3 Rd8+ 31. Kc1 Qa1+ 32. Qb1 Rxd1+ 33. Rxd1 Qa5 34. Qg6+ 1-0


[Site "https://www.chess.com"]

[Event "Titled Tuesday Blitz February 22 Early 2022"]
[White "Brankovic, Dejan"]
[Black "Kalajzic, Ivan"]
[WhiteFideId "921602"]
[BlackFideId "14506378"]
[WhiteElo "2209"]
[BlackElo "2163"]
[Result "1-0"]
[Round "02"]
[TimeControl "180+1"]
[Date "2022.02.22"]
[WhiteClock "0:00:42"]
[BlackClock "0:00:10"]

1. e4 Nc6 2. d4 e5 3. dxe5 Nxe5 4. Be2 Bc5 5. Nf3 Nxf3+ 6. Bxf3 d6 7. O-O Nf6 8. Nc3 h6 9. Bf4 O-O 10. h3 Re8 11. Qd3 Bd7 12. Nd5 Nxd5 13. exd5 Qf6 14. Bd2 Bf5 15. Qb3 Bb6 16. Kh1 Qg6 17. Rac1 Be4 18. Bxe4 Rxe4 19. a4 a5 20. Rce1 Rae8 21. Rxe4 Rxe4 22. Be3 Rb4 23. Qc3 Bxe3 24. fxe3 Qe4 25. b3 Qxd5 26. Qxc7 Re4 27. Qc8+ Kh7 28. Rf3 Qe6 29. Qxb7 Rxe3 30. Rxe3 Qxe3 31. Qxf7 Qe1+ 32. Kh2 Qe5+ 33. Kg1 Qe1+ 34. Qf1 Qe3+ 35. Qf2 Qe5 36. Qd2 Qa1+ 37. Kf2 Qf6+ 38. Ke2 Qe5+ 39. Qe3 Qb2 40. Kd2 d5 41. Qd3+ Kh8 42. Qxd5 Qf6 43. Qe4 Qf2+ 44. Kc1 Qf1+ 45. Kb2 Qf6+ 46. Ka2 Qc3 47. Qd3 Qe1 48. g4 Qc1 49. Qc3 Qh1 50. Qe3 Qd1 51. Kb2 Qd5 52. Qe8+ Kh7 53. Qe3 Qd6 54. Qd3+ Qg6 55. b4 1-0


[Site "https://www.chess.com"]

[Event "Titled Tuesday Blitz February 22 Early 2022"]
[White "Brodowski, Piotr"]
[Black "Andreikin, Dmitry"]
[WhiteFideId "1124480"]
[BlackFideId "4158814"]
[WhiteElo "2422"]
[BlackElo "2736"]
[Result "0-1"]
[Round "02"]
[TimeControl "180+1"]
[Date "2022.02.22"]
[WhiteClock "0:00:04"]
[BlackClock "0:00:12"]

1. c4 e6 2. Nf3 d5 3. e3 Nf6 4. b3 b6 5. Bb2 Bb7 6. g3 Nbd7 7. Bg2 Bd6 8. O-O Qe7 9. Nc3 a6 10. cxd5 exd5 11. Ne2 O-O 12. Rc1 Rfc8 13. Ned4 Qf8 14. Bh3 g6 15. Nc6 Re8 16. Qc2 Qh6 17. Bg2 Rac8 18. Qc3 Re6 19. h4 Bxc6 20. Qxc6 Bxg3 21. Qb7 Rb8 22. Qxa6 Bd6 23. Qa4 Re4 24. Qc6 Rg4 25. Qc3 Re8 26. d3 Ne5 27. Nxe5 Rxe5 28. f4 Re6 29. Qe1 Rxh4 30. Qg3 Rg4 31. Qf3 Qh4 32. Rc2 Rg3 33. Qf2 Ng4 34. Qxg3 Qxg3 35. Rf3 Qe1+ 36. Bf1 Rxe3 37. Bc3 Qh4 38. Rxe3 Nxe3 39. Re2 Qg3+ 40. Bg2 Bxf4 41. Bd4 c5 42. Bb2 d4 0-1


[Site "https://www.chess.com"]

[Event "Titled Tuesday Blitz February 22 Early 2022"]
[White "Brunner, Nicolas"]
[Black "Papasimakopoulos, Alexandros"]
[WhiteFideId "620246"]
[BlackFideId "4244125"]
[WhiteElo "2372"]
[BlackElo "2340"]
[Result "1/2-1/2"]
[Round "02"]
[TimeControl "180+1"]
[Date "2022.02.22"]
[WhiteClock "0:00:17"]
[BlackClock "0:00:50"]

1. d4 e6 2. e4 d5 3. Nc3 Bb4 4. e5 b6 5. f4 Nh6 6. Nf3 Ba6 7. Bxa6 Nxa6 8. Qd3 Qc8 9. a3 Bxc3+ 10. Qxc3 c5 11. O-O Nf5 12. dxc5 Qxc5+ 13. Qxc5 Nxc5 14. b3 Rc8 15. Bb2 h5 16. Rac1 Ke7 17. a4 Kd7 18. Rfd1 Rhd8 19. Ba3 Ke8 20. Nd4 Nxd4 21. Rxd4 g6 22. g3 Rc6 23. Bxc5 bxc5 24. Rd3 c4 25. Rc3 Rdc8 26. b4 d4 27. Ra3 c3 28. Rd1 Rc4 29. b5 Rb4 30. Kf1 Rb2 31. Rc1 Rd8 32. Ke1 Ke7 33. h4 Rd5 34. Kd1 d3 35. Rxc3 dxc2+ 36. Ke2 Rb4 37. Rc7+ Rd7 38. R1xc2 Re4+ 39. Kf3 Rxa4 40. Rc8 Rd3+ 41. Kf2 Rb4 42. R2c7+ Rd7 43. Rxd7+ Kxd7 44. Rf8 Ke7 45. Ra8 Rxb5 46. Rxa7+ Kf8 47. Ra8+ Kg7 48. Kg2 Rb2+ 49. Kh3 Rd2 50. Rb8 Ra2 51. Rc8 Ra7 52. Rb8 f6 53. exf6+ Kxf6 54. Rb5 Ra2 55. Re5 Rd2 56. Rg5 Re2 57. Rb5 e5 58. fxe5+ Rxe5 59. Rb6+ Kf5 60. Kg2 Re3 61. Rb5+ Kf6 62. Rb6+ Kg7 63. Rb5 Ra3 64. Rc5 Kf6 65. Rc6+ Kg7 66. Rc5 Ra6 67. Rb5 Kf6 68. Rc5 Rb6 69. Rd5 Rb2+ 70. Kh3 Rc2 71. Ra5 Rc6 72. Rb5 Re6 73. Ra5 Re5 74. Ra6+ Kf5 75. Rb6 Re6 76. Rb5+ Re5 77. Rb6 Ra5 78. Rc6 Ra1 79. Rb6 Re1 80. Kg2 Re5 81. Rc6 g5 82. hxg5 Kxg5 83. Kh3 Ra5 84. Rb6 Rc5 85. Ra6 Rb5 86. Rc6 Ra5 87. Rb6 Rc5 88. Ra6 Rb5 89. Rc6 Ra5 1/2-1/2


[Site "https://www.chess.com"]

[Event "Titled Tuesday Blitz February 22 Early 2022"]
[White "Cabarkapa, Novak"]
[Black "Reprintsev, Alexander"]
[WhiteFideId "943746"]
[BlackFideId "14100541"]
[WhiteElo "2443"]
[BlackElo "2126"]
[Result "1-0"]
[Round "02"]
[TimeControl "180+1"]
[Date "2022.02.22"]
[WhiteClock "0:01:15"]
[BlackClock "0:00:58"]

1. h4 d5 2. h5 e5 3. c3 Nc6 4. d4 Qe7 5. Nf3 e4 6. Ng1 h6 7. Bf4 Be6 8. e3 O-O-O 9. Na3 a6 10. Qa4 Bd7 11. Bxa6 Nb8 12. Bb5 g5 13. Be5 f6 14. Bg3 f5 15. Qa5 f4 16. exf4 e3 17. f5 Bxf5 18. Nf3 Rh7 19. Ne5 Bg7 20. fxe3 Bxe5 21. Bxe5 Be4 22. O-O g4 23. Ba4 g3 24. Nb5 Na6 25. Na7+ Kb8 26. Nc6+ bxc6 27. Qb6+ Kc8 28. Qxa6+ Kb8 29. Bxc6 1-0


[Site "https://www.chess.com"]

[Event "Titled Tuesday Blitz February 22 Early 2022"]
[White "Caetano, Ryan Wesley Da Costa"]
[Black "Pesotskiy, Mikhail"]
[WhiteFideId "2188554"]
[BlackFideId "34164453"]
[WhiteElo "2026"]
[BlackElo "2010"]
[Result "0-1"]
[Round "02"]
[TimeControl "180+1"]
[Date "2022.02.22"]
[WhiteClock "0:00:03"]
[BlackClock "0:00:26"]

1. d4 Nf6 2. c4 e6 3. Nc3 Bb4 4. Qc2 Nc6 5. Nf3 d6 6. Bg5 h6 7. Bh4 g5 8. Bg3 g4 9. Nd2 Nxd4 10. Qa4+ Bd7 11. Qd1 e5 12. e3 Nf5 13. Bd3 Qe7 14. Qb3 Bxc3 15. Qxc3 O-O-O 16. a4 Nxg3 17. hxg3 Bc6 18. e4 Nd7 19. b4 f5 20. exf5 Bxg2 21. Rg1 Bf3 22. Nxf3 gxf3 23. Be4 Nf6 24. Bxf3 e4 25. Be2 d5 26. cxd5 Nxd5 27. Qb3 Nxb4 28. a5 Nd3+ 29. Kf1 Qc5 30. Bxd3 Rxd3 31. Qe6+ Kb8 32. Qxe4 Rd2 33. Qf4 Qd5 34. Rc1 Qxa5 35. f6 Rd7 36. Rh1 h5 37. f7 Rf8 38. Re1 Qb5+ 39. Kg1 Rdxf7 40. Qe3 Rf3 41. Qe7 Rxf2 42. Rxh5 Qxh5 0-1


[Site "https://www.chess.com"]

[Event "Titled Tuesday Blitz February 22 Early 2022"]
[White "Caputcuoglu, Zeki Berke"]
[Black "Gaehwiler, Gabriel"]
[WhiteFideId "34548610"]
[BlackFideId "1314530"]
[WhiteElo "1368"]
[BlackElo "2383"]
[Result "0-1"]
[Round "02"]
[TimeControl "180+1"]
[Date "2022.02.22"]
[WhiteClock "0:00:04"]
[BlackClock "0:00:29"]

1. e4 c5 2. Nf3 Nc6 3. d4 cxd4 4. Nxd4 Nf6 5. Nc3 d6 6. Bg5 Bd7 7. Qd2 Rc8 8. f4 Qa5 9. O-O-O Nxd4 10. Qxd4 Rxc3 11. Qxc3 Qxc3 12. bxc3 Nxe4 13. Bh4 Nxc3 14. Rd4 Na4 15. Bc4 e6 16. Re1 Be7 17. Bxe7 Kxe7 18. Bb3 Nc5 19. Kb2 Rc8 20. Red1 Rc6 21. g4 Rb6 22. Kc3 d5 23. Rb4 Ne4+ 24. Rxe4 dxe4 25. Rd4 f5 26. gxf5 exf5 27. Rd5 Rh6 28. Re5+ Kd6 29. Rd5+ Kc7 30. Kd4 Rxh2 31. Rc5+ Kd8 32. Ke5 e3 33. Kd4 e2 34. Re5 Rf2 35. Bc4 Rxf4+ 36. Kc5 h5 37. Bxe2 h4 38. Rd5 Ke7 39. Re5+ Kf6 40. Kd6 Rd4+ 41. Rd5 Rxd5+ 42. Kxd5 Bc6+ 0-1


[Site "https://www.chess.com"]

[Event "Titled Tuesday Blitz February 22 Early 2022"]
[White "Chincholimath, Halsagar"]
[Black "Danaci, Ege"]
[WhiteFideId "5022487"]
[BlackFideId "34506748"]
[WhiteElo "1737"]
[BlackElo "1799"]
[Result "0-1"]
[Round "02"]
[TimeControl "180+1"]
[Date "2022.02.22"]
[WhiteClock "0:00:03"]
[BlackClock "0:00:15"]

1. e4 c5 2. c3 Nf6 3. e5 Nd5 4. d4 cxd4 5. cxd4 e6 6. Nf3 b6 7. a3 d6 8. exd6 Bxd6 9. Bd3 O-O 10. Bxh7+ Kxh7 11. Ng5+ Kg6 12. h4 Bf4 13. h5+ Kh6 14. Bxf4 Nxf4 15. Nh3 Nxg2+ 16. Kf1 Qd5 17. Qd2+ Kh7 18. Ng5+ Kg8 19. Kg1 Bb7 20. Rh2 Nd7 21. Nc3 Qf5 22. Rxg2 Bxg2 23. Kxg2 Qg4+ 24. Kf1 Qxh5 25. Nce4 Qh1+ 26. Ke2 Qxa1 27. Qd3 Qxb2+ 28. Kf3 f5 0-1


[Site "https://www.chess.com"]